 Dungeon Crawl Stone Soup version 0.25.0-10-g039870ee82 (webtiles) character file.

Game seed: 4315142910064361302

1965 Delamore the Basher (level 9, -2/51 HPs)
             Began as a Gargoyle Fighter on June 23, 2020.
             Was a Follower of Okawaru.
             Slain by a killer bee (5 damage)
             ... on level 7 of the Dungeon.
             The game lasted 00:08:24 (6695 turns).

Delamore the Basher (Gargoyle Fighter)              Turns: 6695, Time: 00:08:25

Health: -2/51      AC: 16    Str: 21 (22) XL:     9   Next: 19%
Magic:  9/9        EV:  8    Int: 12 (13) God:    Okawaru [*.....]
Gold:   130        SH: 13    Dex:  6 (9)  Spells: 8/8 levels left

rFire    . . .     SeeInvis .   p - +0 whip
rCold    . . .     Gourm    .   c - +0 kite shield
rNeg     + + .     Faith    .   G - +3 ring mail "Plog" {Int+3}
rPois    ∞         Spirit   .   (no helmet)
rElec    +         Reflect  +   (no cloak)
rCorr    .         Harm     .   (no gloves)
MR       +....                  t - +0 pair of boots
Stlth    ..........             e - amulet of reflection
HPRegen  0.17/turn              u - ring of positive energy
MPRegen  0.11/turn              y - ring of protection from magic

@: fainting
A: mutation resistance 1, negative energy resistance 1, electricity resistance,
unbreathing, petrification resistance, rot immunity, AC +6
a: Heroism, Renounce Religion


You were on level 7 of the Dungeon.
You worshipped Okawaru.
Okawaru was aware of your devotion.
You were fainting.

You visited 2 branches of the dungeon, and saw 8 of its levels.

You collected 355 gold pieces.
You spent 225 gold pieces at shops.

Inventory:

Hand Weapons
 a - a +0 flail
 p - a +0 whip (weapon)
Missiles
 d - 2 throwing nets
 j - 37 poisoned darts (quivered)
Armour
 c - a +0 kite shield (worn)
 t - a +0 pair of boots (worn)
 G - the +3 ring mail "Plog" (worn) {Int+3}
   (You bought it in a shop on level 5 of the Dungeon)

   It affects your intelligence (+3).
Jewellery
 e - an amulet of reflection (around neck)
 u - a ring of positive energy (left hand)
 y - a ring of protection from magic (right hand)
Wands
 F - a wand of flame (14)
Scrolls
 h - 3 scrolls of identify {unknown}
 i - 3 scrolls of remove curse {unknown}
 k - 2 scrolls of magic mapping {unknown}
 l - 3 scrolls of teleportation {unknown}
 m - a scroll of noise {unknown}
 n - 3 scrolls of fear {unknown}
 o - a scroll of amnesia {unknown}
 s - a scroll of fog {unknown}
 v - a scroll of enchant armour {unknown}
 B - a scroll of torment {unknown}
 C - 2 scrolls of blinking {unknown}
 H - a scroll of acquirement {unknown}
 J - a scroll of enchant weapon {unknown}
Potions
 g - 2 potions of lignification
 q - 2 potions of stabbing
 r - a potion of haste
 w - a potion of ambrosia
Comestibles
 f - 6 rations


   Skills:
 - Level 3.3 Fighting
 + Level 11.6 Maces & Flails
 - Level 3.3 Armour
 - Level 3.3 Shields


You had 8 spell levels left.
You didn't know any spells.
Your spell library was empty.

Dungeon Overview and Level Annotations

Branches:
Dungeon (7/15)             Temple (1/1) D:4

Altars:
Ashenzari
Cheibriados
Dithmenos
Elyvilon
Fedhas
Gozag
Hepliaklqana
Kikubaaqudgha
Makhleb
Nemelex Xobeh
Okawaru
Ru
Sif Muna
Trog
Uskayaw
Vehumet
Wu Jian
Yredelemnul
Zin
The Shining One

Shops:
D:5 [=   D:6 (


Innate Abilities, Weirdness & Mutations

You are resistant to torment.
Your stone body is resilient. (AC +6)
You are immune to poison.
You resist negative energy. (rN+)
You are resistant to electric shocks. (rElec)
You can survive without breathing.
You are immune to petrification.
You are immune to rotting.
You are somewhat resistant to further mutation.


Message History

You feel protected. You block the killer bee's attack.
The killer bee stings you but does no damage.
It was a potion of degeneration.
There was something very wrong with that liquid.
You feel weakened.
You feel dopey.
You feel clumsy.
The killer bee stings you but does no damage. x2
You block the killer bee's attack.
It was a potion of magic.
Magic courses through your body.
The killer bee stings you but does no damage. x2
It was a potion of cancellation.
Your magical effects are unravelling.
You feel magically purged.
You feel less wooden.
Your +0 pair of boots unmelds from your body.
The +3 ring mail "Plog" {Int+3} unmelds from your body.
You feel yourself slow down.
You feel a little less clever now.
Your resistance to elements expires.
The killer bee stings you.
You die...

.....'......#
###≈≈≈##..
###.##......###≈≈≈#
#..# ....##......+.≈≈##
###.
##<.##.......≈≈..#.≈≈#.
#..#####..###.≈≈≈# ≈.
#..# #..# ##.#≈# #..#
#..# #.# # #..# #..#
#y#######. #..# #..#
#.@yy..... #..# #..#
########## #..# ....
#..# ####


You could see 3 killer bees.

Vanquished Creatures
  Duvessa (D:5)
  2 ice beasts
  A phantom (D:4)
  A centaur (D:5)
  6 big kobolds (D:3)
  Dowan (D:5)
  A water moccasin zombie (D:6)
  3 scorpions
  3 killer bees (D:7)
  A howler monkey (D:4)
  A crimson imp (D:6)
  A bullfrog zombie (D:6)
  A quasit (D:7)
  A jelly (D:5)
  A bullfrog skeleton (D:5)
  A centaur skeleton (D:4)
  An orc wizard (D:4)
  2 iguanas (D:6)
  3 worker ants
  A hound zombie (D:6)
  A hound skeleton (D:4)
  13 gnolls
  2 adders
  3 shadow imps (D:5)
  2 oozes
  An adder zombie (D:5)
  A worm (D:5)
  2 dart slugs (D:2)
  6 leopard geckos
  10 orcs
  A giant cockroach (D:3)
  26 goblins
  36 hobgoblins
  7 kobolds
  A quokka (D:4)
  A ball python zombie (D:5)
  5 bats
  3 frilled lizards
  7 rats
161 creatures vanquished.

Notes
Turn   | Place    | Note
-------+----------+-------------------------------------------
     0 | D:1      | Delamore the Gargoyle Fighter began the quest for the Orb.
     0 | D:1      | Reached XP level 1. HP: 14/14 MP: 1/1
   131 | D:1      | Reached XP level 2. HP: 16/19 MP: 2/2
   447 | D:1      | Reached skill level 3 in Maces & Flails
   698 | D:1      | Reached XP level 3. HP: 23/23 MP: 3/3
  1705 | D:3      | Reached skill level 4 in Maces & Flails
  1742 | D:3      | Reached XP level 4. HP: 22/28 MP: 4/4
  2087 | D:3      | Reached skill level 5 in Maces & Flails
  2087 | D:3      | Reached XP level 5. HP: 29/32 MP: 5/5
  2527 | D:3      | Noticed a big kobold
  2529 | D:3      | Noticed a big kobold
  2532 | D:3      | Noticed a big kobold
  2532 | D:3      | Noticed a big kobold
  2533 | D:3      | Noticed a big kobold
  2557 | D:3      | Noticed a big kobold
  2586 | D:3      | Killed a big kobold
  2586 | D:3      | Reached skill level 6 in Maces & Flails
  2586 | D:3      | Reached XP level 6. HP: 9/37 MP: 6/6
  2606 | D:3      | Reached skill level 7 in Maces & Flails
  2632 | D:3      | Reached XP level 7. HP: 5/41 MP: 7/7
  2670 | D:3      | Reached skill level 8 in Maces & Flails
  3272 | D:3      | Found a hazy altar of Hepliaklqana.
  3275 | D:3      | Found an opulent altar of Gozag.
  3278 | D:3      | Found a radiant altar of Vehumet.
  3748 | D:4      | Reached skill level 9 in Maces & Flails
  3748 | D:4      | Reached XP level 8. HP: 46/46 MP: 8/8
  3901 | D:4      | Found a staircase to the Ecumenical Temple.
  3914 | Temple   | Entered the Ecumenical Temple
  4056 | Temple   | Became a worshipper of Warmaster Okawaru
  4468 | D:5      | Entered Level 5 of the Dungeon
  4637 | D:5      | Noticed Dowan
  4650 | D:5      | Noticed Duvessa
  4940 | D:5      | Killed Duvessa
  4967 | D:5      | Killed Dowan
  4967 | D:5      | Reached skill level 10 in Maces & Flails
  5076 | D:5      | Found Igeac's Antique Armour Shop.
  5084 | D:5      | Bought a faintly humming ring mail for 225 gold pieces
  5094 | D:5      | Identified the +3 ring mail "Plog" {Int+3} (You bought it
                  | in a shop on level 5 of the Dungeon)
  5216 | D:5      | Reached * piety under Okawaru
  5437 | D:5      | Found a sacrificial altar of Ru.
  5528 | D:5      | Found Tava's Jewellery Emporium.
  5974 | D:6      | Reached skill level 11 in Maces & Flails
  5974 | D:6      | Reached XP level 9. HP: 44/51 MP: 9/9
  6081 | D:6      | Found Ufralud's Antique Weapon Emporium.
  6640 | D:7      | HP: 2/76 [killer bee (4)]
  6691 | D:7      | Gained mutation: You are somewhat resistant to further
                  | mutation. [potion of mutation]
  6695 | D:7      | Slain by a killer bee

Illustrated notes

Levels and vault maps discovered:
D:1:      sevenhm_arrival_forest_fort_small_4, layout_loops_ring, minmay_tripent
D:2:      layout_basic
D:3:      minmay_goblin_kobold_castle, layout_basic,
          grunt_temple_overflow_diamond
D:4:      layout_cave_pools, minmay_temple_entry_sparse_star, first_ration
D:5:      layout_loops_ring, nicolae_ru_the_path_less_chosen, serial_shops,
          shop, minmay_shop_enchanted_jewellery, uniq_duvessa
D:6:      layout_rooms, serial_shops, shop
D:7:      layout_basic, chequers_serial_rivers_small_b
Temple:   nicolae_temple_elliptical

Skill      XL: |  1  2  3  4  5  6  7  8 |
---------------+-------------------------+-----
Maces & Flails | 3 4 5 6 7 9 11 | 11.6
Fighting       | |  3.3
Armour         | |  3.3
Shields        | |  3.3

Action                   |  1- 3 |  4- 6 |  7- 9 || total
-------------------------+-------+-------+-------++-------
Melee: Flail             |    56 |       |       ||    56
       Whip              |    84 |   319 |   755 ||  1158
  Use: Potion            |       |     3 |    10 ||    13
  Eat: Chunk             |     3 |     3 |     8 ||    14
       Ration            |       |       |     1 ||     1
Armor: Scale mail        |    80 |   137 |    77 ||   294
       Ring mail         |       |       |   127 ||   127
       Skin              |       |       |    37 ||    37
Dodge: Dodged            |    36 |    97 |   114 ||   247
Block: Kite shield       |    87 |   328 |   480 ||   895
       Reflection        |     9 |    13 |     5 ||    27
